 Dungeon Crawl Stone Soup version 0.18.1-50-g88ac8fd (webtiles) character file.

1764 Amnesiac the Inventor (level 8, -1/46 HPs)
             Began as a Deep Elf Fighter on Mar 2, 2018.
             Was a Priest of Pakellas.
             Splashed by a jelly's acid (12 damage)
             ... on level 6 of the Dungeon.
             The game lasted 00:16:49 (9133 turns).

Amnesiac the Inventor (Deep Elf Fighter)            Turns: 9133, Time: 00:16:50

Health: -1/46      AC: -5    Str: 15    XL:     8   Next: 79%
Magic:  0/18       EV: 11    Int: 14    God:    Pakellas [***...]
Gold:   346        SH:  9    Dex: 14    Spells: 0 memorised, 7 levels left

rFire  . . .     SeeInvis +     a - +0 rapier
rCold  . . .     Gourm    .     b - +0 scale mail
rNeg   . . .     Faith    .     c - +0 shield
rPois  .         Spirit   +     j - +0 helmet
rElec  .         Dismiss  .     (no cloak)
rCorr  .         Reflect  .     (no gloves)
SustAt .         Harm     .     g - +1 pair of boots
MR     .....                    B - amulet of guardian spirit
Stlth  ..........               o - +3 ring of evasion
                                e - ring of see invisible

@: corroded, not resistant to hostile enchantments, extremely unstealthy
A: no striking features
a: Quick Charge, Device Surge, Renounce Religion


You were on level 6 of the Dungeon.
You worshipped Pakellas.
Pakellas was most pleased with you.
You were not hungry.

You visited 2 branches of the dungeon, and saw 7 of its levels.
You also visited: Ossuary.

You collected 362 gold pieces.

Inventory:

Hand Weapons
 a - a +0 rapier (weapon)
Armour
 b - a +0 scale mail (worn)
 c - a +0 shield (worn)
 g - a +1 pair of boots (worn)
 j - a +0 helmet (worn)
 C - a +0 plate armour
Jewellery
 e - a ring of see invisible (left hand)
 o - a +3 ring of evasion (right hand)
 B - an amulet of guardian spirit (around neck)
Wands
 d - a wand of confusion (0/48)
 x - a wand of polymorph (12/24)
 z - a wand of iceblast (2/15)
Scrolls
 l - 2 scrolls of fog {!r}
 q - 2 scrolls of fear {!r}
 w - a scroll of remove curse {!r}
 y - a scroll of identify {!r}
Potions
 h - a potion of brilliance {!q, unknown}
 i - a potion of agility {!q}
 m - 4 potions of heal wounds {!q}
 n - 2 potions of curing {!q}
 r - 3 potions of invisibility {!q}
 v - a potion of resistance {!q, unknown}
 A - 2 potions of might {!q}
Miscellaneous
 s - a phantom mirror
 u - a plain deck of changes {drawn: 1}
Comestibles
 f - 4 meat rations
 p - 3 bread rations
 t - a beef jerky


   Skills:
 - Level 3.0 Fighting
 - Level 2.0 Short Blades
 - Level 3.0 Armour
 - Level 3.0 Dodging
 - Level 3.1 Shields
 + Level 10.9 Evocations


You had 7 spell levels left.
You didn't know any spells.

Dungeon Overview and Level Annotations

Branches:
Dungeon (6/15)             Temple (1/1) D:5

Altars:
Cheibriados
Dithmenos
Elyvilon
Fedhas
Gozag
Kikubaaqudgha
Makhleb
Nemelex Xobeh
Okawaru
Pakellas
Qazlal
Ru
Sif Muna
Trog
Xom
The Shining One
Lugonu

Shops:
D:6 %


Message History

Unknown command.
A worker ant is nearby!
You swing at nothing.
The worker ant bites you.
You are poisoned.
The worker ant poisons you!
You hit the worker ant.
The worker ant is moderately wounded.
You feel sick.
The worker ant bites you but does no damage.
You hit the worker ant but do no damage.
The worker ant is moderately wounded.
The worker ant bites you but does no damage. x2
You hit the worker ant.
The worker ant is heavily wounded.
You feel sick.
The worker ant bites you but does no damage.
You hit the worker ant.
The worker ant is severely wounded.
The worker ant bites you but does no damage.
You hit the worker ant.
The worker ant is severely wounded.
You feel sick.
The worker ant bites you but does no damage.
You block the worker ant's attack.
You hit the worker ant.
The worker ant is severely wounded.
The worker ant barely misses you.
You hit the worker ant.
You kill the worker ant!
Pakellas accepts your kill.
You swing at nothing.
You feel sick.
You feel sick.
You feel sick.
You are no longer poisoned.
Found a stone staircase leading up.
HP restored.
A jelly comes into view.
A jelly is nearby!
The jelly quivers.
Your scale mail prevents you from hitting the jelly.
The jelly closely misses you.
You hit the jelly but do no damage.
Your hands burn!
The jelly hits you but does no damage.
You hit the jelly. The acid corrodes you!
Your hands burn!
The jelly is lightly wounded.
The jelly hits you.
You are splashed with acid!
The acid burns!
You hit the jelly. The acid corrodes you!
Your hands burn!
The jelly is moderately wounded.
You block the jelly's attack. x2
You hit the jelly but do no damage. The acid corrodes you!
Your hands burn!
The jelly is moderately wounded.
The jelly hits you.
* * * LOW HITPOINT WARNING * * *
You are splashed with acid!
The acid burns!
* * * LOW HITPOINT WARNING * * *
You hit the jelly but do no damage.
Your hands burn!
* * * LOW HITPOINT WARNING * * *
The jelly is moderately wounded.
The jelly hits you.
* * * LOW HITPOINT WARNING * * *
You are splashed with acid!
The acid corrodes you!
The acid burns!
You die...
Pakellas says: Time to find a new assistant...

##... ... #...
####### ..
##..#####......
#..
##..........##..
#..
#...#####..#..#.
#.. ##..##
#..#..#.
#..##...#
#...#.#.
#####..#..##
#.....#.
#......@..#
#.....#.
......J....#
##....#.
...........#
#....#.
...........#
#....#.
#........### #.
###.....##
###.#.. ##...


You could see a jelly.

Vanquished Creatures
  Grinder (D:3)
  Duvessa (D:4)
  A sky beast (D:6)
  A phantom (D:3)
  Blork the orc (D:4)
  A gnoll sergeant (D:6)
  A giant frog (D:5)
  Dowan (D:4)
  A water moccasin zombie (Ossuary)
  2 scorpions
  A water moccasin skeleton (D:4)
  A howler monkey (D:4)
  A crimson imp (D:5)
  An orc priest (D:4)
  4 hounds
  2 orc wizards (D:4)
  A centaur skeleton (D:5)
  Natasha (twice) (D:4)
  3 iguanas
  4 worker ants
  A big kobold zombie (Ossuary)
  2 mummies (Ossuary)
  A worker ant zombie (D:5)
  7 adders
  10 gnolls
  A river rat (D:4)
  A shadow imp (D:4)
  5 adder zombies
  2 worms (D:4)
  A dart slug (D:3)
  3 giant geckos
  11 orcs
  3 ball pythons
  7 bats
  6 giant cockroaches
  4 gnoll zombies (Ossuary)
  8 goblins
  9 hobgoblins
  2 jackals (D:6)
  A giant gecko skeleton (D:4)
  6 giant newts
  4 hobgoblin zombies (Ossuary)
  12 kobolds
  7 kobold zombies (Ossuary)
  7 orc zombies (Ossuary)
  A quokka skeleton (D:6)
  5 rats
158 creatures vanquished.

Notes
Turn   | Place    | Note
--------------------------------------------------------------
     0 | D:1      | Amnesiac the Deep Elf Fighter began the quest for the Orb.
     0 | D:1      | Reached XP level 1. HP: 13/13 MP: 3/3
    27 | D:1      | Reached skill level 1 in Dodging
   297 | D:4      | Reached XP level 2. HP: 18/18 MP: 4/4
   311 | D:4      | Noticed a phantom
   383 | D:4      | Reached skill level 2 in Evocations
   383 | D:4      | Reached XP level 3. HP: 9/22 MP: 4/7
   395 | D:4      | Found a sand-covered staircase.
   413 | Ossuary  | Entered an ossuary
   517 | Ossuary  | Reached skill level 3 in Evocations
   534 | Ossuary  | Reached XP level 4. HP: 19/27 MP: 8/8
  1106 | Ossuary  | Reached skill level 4 in Evocations
  1106 | Ossuary  | Reached XP level 5. HP: 15/31 MP: 8/10
  1318 | Ossuary  | Reached skill level 5 in Evocations
  1479 | D:4      | Noticed Natasha
  1497 | D:4      | Killed Natasha
  1537 | D:4      | Noticed Natasha
  1562 | D:4      | Killed Natasha
  1703 | D:4      | Noticed Grinder
  1751 | D:3      | Found a sparkling altar of Nemelex Xobeh.
  1754 | D:3      | Paralysed by Grinder for 5 turns
  2175 | D:4      | Found an ancient bone altar of Kikubaaqudgha.
  2182 | D:4      | Reached XP level 6. HP: 24/36 MP: 12/12
  2278 | D:4      | Noticed Dowan
  2282 | D:4      | Noticed Duvessa
  2289 | D:4      | Noticed Blork the orc
  2317 | D:5      | Entered Level 5 of the Dungeon
  2505 | D:5      | Reached skill level 6 in Evocations
  2516 | D:5      | HP: 1/36 [poisoned by a scorpion]
  2785 | D:5      | Found a staircase to the Ecumenical Temple.
  2802 | Temple   | Entered the Ecumenical Temple
  2829 | Temple   | Became a worshipper of Pakellas the Inventive
  3778 | D:2      | Found a bloodstained altar of Trog.
  3785 | D:2      | Reached * piety under Pakellas
  3785 | D:2      | Received a gift from Pakellas
  4134 | D:2      | Found a faded altar to an unknown god.
  4755 | D:3      | Found a sacrificial altar of Ru.
  4838 | D:3      | Killed Grinder
  4838 | D:3      | Reached skill level 7 in Evocations
  4838 | D:3      | Reached XP level 7. HP: 40/40 MP: 8/14
  5189 | D:4      | Reached skill level 8 in Evocations
  5190 | D:4      | Found a white marble altar of Elyvilon.
  5190 | D:4      | Found a shimmering altar of Xom.
  5190 | D:4      | Found a snail-covered altar of Cheibriados.
  5194 | D:4      | Found a stormy altar of Qazlal.
  5769 | D:4      | Found an iron altar of Okawaru.
  5906 | D:4      | Reached ** piety under Pakellas
  5906 | D:4      | Received a gift from Pakellas
  5920 | D:4      | Killed Blork the orc
  6351 | D:4      | Killed Duvessa
  6351 | D:4      | Reached XP level 8. HP: 26/46 MP: 16/16
  6355 | D:4      | Killed Dowan
  6742 | D:5      | Reached skill level 9 in Evocations
  7149 | D:5      | Found a sacrificial altar of Ru.
  7272 | D:5      | Found a glowing golden altar of the Shining One.
  7985 | D:6      | Reached *** piety under Pakellas
  7985 | D:6      | Received a gift from Pakellas
  7994 | D:6      | Found Pounn's Food Boutique.
  8042 | D:6      | Reached skill level 10 in Evocations
  8389 | D:6      | HP: 2/46 [gnoll (3)]
  9133 | D:6      | Splashed by a jelly's acid

Skill      XL: |  1  2  3  4  5  6  7  8 |
---------------+-------------------------+-----
Dodging        | 2 3 |  3.0
Evocations     | 2 3 4 5 7 8 10 | 10.9
Fighting       | 3 |  3.0
Armour         | 3 |  3.0
Shields        | 3 |  3.1
Short Blades   | |  2.0

Action                   |  1- 3 |  4- 6 |  7- 9 || total
-------------------------+-------+-------+-------++-------
Melee: Rapier            |    49 |   410 |   605 ||  1064
Invok: Quick Charge      |       |     2 |     1 ||     3
Evoke: Wand              |     3 |     6 |    35 ||    44
       Deck              |       |       |     1 ||     1
  Use: Potion            |     1 |     3 |       ||     4
       Scroll            |       |     8 |     3 ||    11
 Stab: Confused          |       |     6 |    27 ||    33
       Distracted        |       |     1 |       ||     1
  Eat: Bread ration      |       |     1 |       ||     1
       Chunk             |       |     7 |    13 ||    20
       Fruit             |       |     3 |       ||     3
       Royal jelly       |       |       |     1 ||     1
Armor: Scale mail        |    12 |   150 |   233 ||   395
Dodge: Dodged            |    14 |   111 |   201 ||   326
Block: Shield            |    20 |   151 |   262 ||   433
